 Dungeon Crawl Stone Soup version 0.21-a0-434-g806c6c2 (webtiles) character file.

11 slep the Bolt Thrower (level 2, -2/25 HPs)
             Began as a Minotaur Hunter on Nov 9, 2017.
             Slain by a kobold
             ... wielding a +0 short sword
              (4 damage)
             ... on level 1 of the Dungeon.
             The game lasted 00:02:15 (349 turns).

slep the Bolt Thrower (Minotaur Hunter)              Turns: 349, Time: 00:02:16

Health: -2/25      AC:  0    Str: 16    XL:     2   Next: 17%
Magic:  1/1        EV: 12    Int:  8    God:
Gold:   18         SH:  0    Dex: 10    Spells: 1/1 levels left

rFire    . . .     SeeInvis .   i - -3 dagger (curse)
rCold    . . .     Gourm    .   (no shield)
rNeg     . . .     Faith    .   c - +0 leather armour
rPois    .         Spirit   .   (helmet restricted)
rElec    .         Reflect  .   (no cloak)
rCorr    .         Harm     .   (no gloves)
MR       .....                  (no boots)
Stlth    +.........             (no amulet)
HPRegen  0.08/turn              g - -3 ring of protection (curse)
MPRegen  0.07/turn              (no ring)

@: no status effects
A: retaliatory headbutt, horns 2
a: no special abilities


You were on level 1 of the Dungeon.
You were not hungry.

You visited 1 branch of the dungeon, and saw 1 of its levels.

You collected 18 gold pieces.

Inventory:

Hand Weapons
 a - a +1 hand crossbow
 b - a +0 short sword
 i - a cursed -3 dagger (weapon)
Missiles
 d - 19 bolts
Armour
 c - a +0 leather armour (worn)
Jewellery
 g - a cursed -3 ring of protection (left hand)
 k - an uncursed ring of fire
Scrolls
 e - a scroll of teleportation {unknown}
 h - a scroll of enchant weapon {unknown}
 l - a scroll of blinking {unknown}
 m - a scroll of enchant armour {unknown}
Comestibles
 f - a bread ration
 j - a chunk of flesh


   Skills:
 + Level 2.4 Fighting
 + Level 4.9 Crossbows
 + Level 0.3 Armour
 + Level 2.2 Dodging
 + Level 0.7 Stealth


You had one spell level left.
You didn't know any spells.

Dungeon Overview and Level Annotations

Branches:
Dungeon (1/15)

Altars:


Innate Abilities, Weirdness & Mutations

You reflexively headbutt those who attack you in melee.
You have a pair of horns on your head.


Message History

You closely miss the kobold. Your headbutt misses the kobold.
The kobold is moderately wounded.
The kobold hits you with a short sword.
* * * LOW HITPOINT WARNING * * *
You hit the kobold but do no damage.
The kobold is moderately wounded.
The kobold misses you.
You closely miss the kobold.
You headbutt the kobold, but do no damage.
The kobold is moderately wounded.
The kobold barely misses you. You furiously retaliate!
You headbutt the kobold, but do no damage.
You hit the kobold but do no damage.
The kobold is moderately wounded.
The kobold hits you with a short sword.
* * * LOW HITPOINT WARNING * * *
You hit the kobold.
The kobold is severely wounded.
The kobold hits you with a short sword.
You die...

.....#'###
≈≈≈≈≈≈≈≈≈≈≈≈
###......#
##≈≈≈≈≈≈≈≈≈≈≈ #......#
####≈...≈≈≈≈≈ #......#
##########...≈..≈≈..≈≈
#......#
#.....................
#......#
#...........#.#..##...
#......#
#..........†#.# #
#......#
#...........#..
#......#
#....@......##.#
####'### #...K.......+
.> #.# #...........#
#.. #.# #...........#
## #.# #....(......#
#.# #...........# #.#
#########'###
#.#############.#
#...............#


You could see a kobold.

Vanquished Creatures
  A leopard gecko (D:1)
  A bat (D:1)
  A hobgoblin (D:1)
  2 kobolds (D:1)
  4 frilled lizards (D:1)
  A goblin (D:1)
  A rat (D:1)
11 creatures vanquished.

Notes
Turn   | Place    | Note
-------+----------+-------------------------------------------
     0 | D:1      | slep the Minotaur Hunter began the quest for the Orb.
     0 | D:1      | Reached XP level 1. HP: 18/18 MP: 0/0
   264 | D:1      | Reached XP level 2. HP: 8/25 MP: 1/1
   349 | D:1      | Slain by a kobold

Vault maps used:
D:1:      dpeg_chamrin_arrival_tetris, chequers_big_river

Action                   || total
-------------------------++-------
Melee: Dagger            ||    15
       Short sword       ||     7
       Headbutt          ||     3
 Fire: Hand crossbow     ||     5
Dodge: Dodged            ||    15

Table legend:
 A = Spawn XP
 B = Non-spawn XP
 C = Spawn XP percentage of total XP
 D = Spawn monster count
 E = Non-spawn monster count
 F = Spawn count percentage of total count
 G = Total turns spent on level
                    A         B        C        D         E        F      G
               +---------+---------+-------+---------+---------+-------+---------
         Total |       0 |      17 |   0.0 |       0 |      11 |   0.0 |   349
               +---------+---------+-------+---------+---------+-------+---------
           D:1 |       0 |      17 |   0.0 |       0 |      11 |   0.0 |   349
               +---------+---------+-------+---------+---------+-------+---------
